 Dungeon Crawl Stone Soup version 0.30-a0-297-g0ec75d9ef4 (webtiles) character file.

Game seed: 1813817276060429880

16454 funkygono the Arsonist (level 12, -15/64 HPs)
             Began as a Gargoyle Fire Elementalist on Oct 19, 2022.
             Was an Elder of Vehumet.
             Killed from afar by a balrug (37 damage)
             ... with a fireball
             ... in a Gauntlet.
             The game lasted 00:31:41 (14145 turns).

funkygono the Arsonist (GrFE)                      Turns: 14145, Time: 00:31:42

Health: -15/64     AC: 22    Str: 13    XL:     12   Next: 37%
Magic:  27/45      EV: 13    Int: 23    God:    Vehumet [****..]
Gold:   13         SH:  0    Dex: 10    Spells: 9/33 levels left

rFire   . . .      SeeInvis +    F - +5 mace (freeze)
rCold   . . .      Faith    .    (no shield)
rNeg    + . .      Spirit   .    J - +1 steam dragon scales
rPois   ∞          Reflect  .    u - +1 helmet
rElec   +          Harm     .    A - +0 cloak
rCorr   .          Rampage  +    (no gloves)
Will    .....      NoTele   +    c - +0 pair of boots of the Unseen Realm {Rampage MP+9 Int+3 SInv}
Stlth   ++........               j - amulet "Ithu" {Regen+ Slay+2}
HPRegen 1.10/turn                v - ring of magical power
MPRegen 0.29/turn                r - +4 ring of protection

@: mighty
A: sickness immunity, AC +8, negative energy resistance 1, electricity
resistance, torment resistance 1, petrification resistance
a: Renounce Religion


You were in a Gauntlet.
You worshipped Vehumet.
Vehumet was greatly pleased with you.
You visited 3 branches of the dungeon, and saw 12 of its levels.
You also visited: Gauntlet.

You collected 512 gold pieces.
You spent 499 gold pieces at shops.

Inventory:

Hand Weapons
 a - a +3 flail of protection
 F - a +5 mace of freezing (weapon)
Armour
 c - the +0 pair of boots of the Unseen Realm (worn) {Rampage MP+9 Int+3 SInv}
   (You found it in a Gauntlet)

   Int:       It affects your intelligence (+3).
   MP:        It affects your magic capacity (+9).
   SInv:      It lets you see invisible.
   Rampage:   It bestows one free step when moving towards enemies.
 u - a +1 helmet (worn)
 w - a +2 robe of cold resistance
 A - a +0 cloak (worn)
 J - +1 steam dragon scales (worn)
Magical Staves
 y - a staff of death
 B - a staff of fire
Jewellery
 f - a ring of resist corrosion
 j - the amulet "Ithu" (around neck) {Regen+ Slay+2}
   (You bought it in a shop on level 3 of the Dungeon)

   [amulet of regeneration]

   Slay:      It affects your accuracy & damage with ranged weapons and melee
   (+2).
   Regen:     It increases your rate of health regeneration.
 l - a ring of see invisible
 q - a +4 ring of evasion
 r - a +4 ring of protection (right hand)
 v - a ring of magical power (left hand)
Wands
 s - a wand of acid (14)
 t - a wand of flame (26)
 x - a wand of iceblast (8)
 C - a wand of charming (17)
 G - a wand of mindburst (8)
Scrolls
 g - 5 scrolls of identify
 z - a scroll of amnesia
 E - 2 scrolls of blinking
Potions
 b - 2 potions of magic
 d - a potion of might
 h - 6 potions of curing
 n - 3 potions of mutation
 p - 2 potions of brilliance


   Skills:
 + Level 2.5 Fighting
 + Level 3.5(3.6) Maces & Flails
 + Level 1.0(2.4) Staves
 + Level 5.2 Dodging
 - Level 2.1 Stealth
 + Level 11.3 Spellcasting
 + Level 8.4 Conjurations
 + Level 0.5 Translocations
 + Level 11.9 Fire Magic
 + Level 0.5 Air Magic
 + Level 1.3 Evocations


You had 9 spell levels left.
You knew the following spells:

 Your Spells              Type           Power      Damage    Failure   Level
a - Foxfire               Conj/Fire      100%       2x1d9     1%          1
b - Scorch                Fire           100%       2d10      1%          2
c - Kindle Blastsparks    Fire/Tloc/Air  64%        2d15      1%          3
d - Ignite Poison         Fire/Tmut/Pois 31%        N/A       1%          3
e - Flame Wave            Conj/Fire      56%        2d13      1%          4
f - Magic Dart            Conj           100%       1d8       1%          1
g - Sandblast             Erth           24%        2d8       1%          1
h - Stone Arrow           Conj/Erth      64%        3d11      1%          3
i - Airstrike             Air            7%         2d(2-18)  11%         4
j - Searing Ray           Conj           100%       2d8       1%          2

Your spell library contained the following spells:

 Spells                   Type           Power      Damage    Failure   Level
 Frozen Ramparts          Ice            24%        1d4       4%          3
 Kiss of Death            Conj/Necr      100%       2d13      1%          1
 Poisonous Vapours        Pois/Air       28%        N/A       1%          2
 Inner Flame              Hex/Fire       40%        N/A       1%          3
 Mephitic Cloud           Conj/Pois/Air  26%        N/A       1%          3
 Fulminant Prism          Conj/Hex       16%        3d11      2%          4
 Call Imp                 Summ           12%        N/A       8%          2
 Wereblood                Tmut           12%        N/A       8%          2
 Freezing Cloud           Conj/Ice/Air   13%        6-21      11%         5
 Gell's Gravitas          Tloc           15%        N/A       12%         3
 Lesser Beckoning         Tloc           30%        N/A       12%         3
 Teleport Other           Tloc           15%        N/A       12%         3
 Confusing Touch          Hex            12%        N/A       16%         3
 Animate Armour           Summ/Erth      24%        N/A       45%         4
 Dispel Undead            Necr           12%        3d9       45%         4
 Summon Hydra             Summ           6%         N/A       100%        7
 Lehudib's Crystal Spear  Conj/Erth      16%        10d5      100%        8
 Cigotuvi's Dreadful Rot  Necr/Pois/Air  Unusable   N/A       N/A         2
 Sublimation of Blood     Necr           Unusable   N/A       N/A         2

Dungeon Overview and Level Annotations

Branches:
Dungeon (10/15)            Temple (1/1) D:4            Lair (1/5) D:9
    Orc (0/2) D:10        Gauntlet (1/1)

Altars:
Ashenzari
Cheibriados
Dithmenos
Elyvilon
Fedhas
Gozag
Hepliaklqana
Kikubaaqudgha
Makhleb
Nemelex Xobeh
Okawaru
Qazlal
Ru
Sif Muna
Trog
Uskayaw
Vehumet
Wu Jian
Xom
Yredelemnul
Zin
The Shining One

Shops:
D:3 =

Annotations:
Gauntlet 9 transporters, exclusion: orange crystal statue


Innate Abilities, Weirdness & Mutations

You are immune to sickness and miasma.
Your stone body is resilient. (AC +8)
You are immune to poison.
You resist negative energy. (rN+)
You are resistant to electric shocks. (rElec)
You are resistant to unholy torment.
You are immune to petrification.


Message History

Casting: Stone Arrow (safe; 1% risk of failure)
Confirm with . or Enter, or press ? or * to list all spells.
Aiming: Stone Arrow (safe; 1% risk of failure)
Press: ? - help, Shift-Dir - straight line, f - balrug
Aim: a balrug, wielding a +2 demon whip of draining (67% to hit)
The stone arrow hits the balrug!
The balrug is lightly wounded.
Unknown command.
Casting: Stone Arrow (safe; 1% risk of failure)
Confirm with . or Enter, or press ? or * to list all spells.
Aiming: Stone Arrow (safe; 1% risk of failure)
Press: ? - help, Shift-Dir - straight line, f/p - balrug
Aim: a balrug, wielding a +2 demon whip of draining (lightly wounded, 67% to hit)
The stone arrow hits the balrug!
The balrug is moderately wounded.
The balrug gestures at you. The sticky flame hits you.
You are covered in liquid flames!
Casting: Stone Arrow (safe; 1% risk of failure)
Confirm with . or Enter, or press ? or * to list all spells.
Aiming: Stone Arrow (safe; 1% risk of failure)
Press: ? - help, Shift-Dir - straight line, f/p - balrug
Aim: a balrug, wielding a +2 demon whip of draining (moderately wounded, 67% to hit)
The stone arrow misses the balrug.
You are covered in liquid flames!
The balrug hits you with a +2 demon whip of draining!!
You are engulfed in flames!!
* * * LOW HITPOINT WARNING * * *
You feel much better.
You are covered in liquid flames!
The balrug barely misses you.
You feel very mighty all of a sudden.
You are covered in liquid flames!
The balrug closely misses you.
You sock the balrug! You freeze the balrug.
The balrug is moderately wounded.
The balrug gestures at you.
The fireball explodes!
The fireball engulfs you!!!
Ouch! That really hurt!
You die...

≈#≈#≈#≈#≈#...............##
................8......8.≈#
...8.....8...............##
...........###########...≈#
########...#...#.....#...##
#.##..##...#..#^.##^.#...§#
.#..##)#####..##..#.!#..§##
.#.#.#.#...#..#..##.$#...≈#
#.#©.#©#©8©#..##@.#.©#.8§##
w##†#..#...#..#.2##.=#...≈#
#†.##.?#####..##..#..#...##
.##..###...#..#..##^.#...§#
########...#...#.....#...##
...........###########...≈#
...8.....8...............##
................8.....8.## #.
#########...............≈##..


You could see a balrug.

Vanquished Creatures
  2 two-headed ogres
  2 deep elf pyromancers
  5 cyclopes (D:9)
  4 kobold demonologists (D:9)
  2 komodo dragons (Lair:1)
  Psyche (D:8)
  2 trolls (D:10)
  A tyrant leech (Gauntlet)
  Prince Ribbit (D:6)
  2 wraiths
  13 yaks
  2 basilisks (Lair:1)
  3 swamp worms (Gauntlet)
  10 wargs (D:9)
  3 acid dragons (D:9)
  2 water moccasins (Lair:1)
  Duvessa (D:5)
  4 hell hounds
  3 orc warriors
  A sky beast (D:5)
  2 black bears
  2 ice beasts (D:6)
  7 centaurs
  8 kobold brigands
  A phantom (D:5)
  2 scorpions
  3 bullfrogs
  A necrophage (D:6)
  4 gnoll sergeants
  6 wights
  Dowan (D:5)
  13 killer bees
  An electric eel (D:9)
  5 howler monkeys (D:9)
  5 hounds
  4 gnoll boudas (D:9)
  12 orc priests
  2 iguanas
  Ijyb (D:4)
  11 orc wizards
  7 gnolls (D:7)
  9 adders
  A shadow imp (D:7)
  A white imp (D:7)
  A worm (D:3)
  5 dart slugs
  57 orcs
  5 ball pythons
  5 endoplasms
  4 giant cockroaches
  16 goblins
  7 hobgoblins
  2 quokkas
  6 bats
  4 frilled lizards
  7 kobolds
  2 rats
  A butterfly (Lair:1)
295 creatures vanquished.

Vanquished Creatures (collateral kills)
  2 foxfires
2 creatures vanquished.

Vanquished Creatures (others)
  887 foxfires
  5 plants
892 creatures vanquished.

Grand Total: 1189 creatures vanquished

Notes
Turn   | Place    | Note
-------+----------+-------------------------------------------
     0 | D:1      | funkygono the Gargoyle Fire Elementalist began the quest
                  | for the Orb.
     0 | D:1      | Reached XP level 1. HP: 10/10 MP: 3/3
   189 | D:1      | Reached XP level 2. HP: 15/15 MP: 1/5
   192 | D:1      | Learned a level 2 spell: Scorch
   230 | D:1      | You fall into a shaft and drop 1 floor!
   776 | D:2      | Reached XP level 3. HP: 19/19 MP: 0/6
   903 | D:2      | Learned a level 3 spell: Kindle Blastsparks
  1163 | D:2      | Reached XP level 4. HP: 24/24 MP: 4/8
  1167 | D:2      | Learned a level 3 spell: Ignite Poison
  1535 | D:3      | Found a blossoming altar of Fedhas.
  1643 | D:3      | Found a faded altar of an unknown god.
  1751 | D:3      | Found Vynlujid's Jewellery Shoppe.
  2173 | D:3      | Reached XP level 5. HP: 28/28 MP: 4/9
  3381 | D:4      | Noticed Ijyb
  3389 | D:4      | Killed Ijyb
  3390 | D:4      | Reached XP level 6. HP: 32/32 MP: 2/11
  3677 | D:4      | Found a staircase to the Ecumenical Temple.
  3829 | Temple   | Entered the Ecumenical Temple
  4447 | D:5      | Entered Level 5 of the Dungeon
  4801 | D:5      | Reached XP level 7. HP: 37/37 MP: 8/13
  4856 | D:5      | Reached skill level 5 in Fire Magic
  5392 | D:5      | Found a broken altar of Ashenzari.
  5747 | D:5      | Learned a level 4 spell: Flame Wave
  5791 | D:6      | Noticed Duvessa
  5794 | D:6      | Noticed Dowan
  5845 | D:5      | Killed Dowan
  5847 | D:5      | Reached skill level 5 in Spellcasting
  5851 | D:5      | Killed Duvessa
  5852 | D:5      | Reached XP level 8. HP: 15/42 MP: 1/15
  6128 | D:6      | Found a large runed translucent door.
  6129 | D:6      | Found a large runed translucent door.
  6303 | D:6      | Noticed Prince Ribbit
  6323 | D:6      | Killed Prince Ribbit
  6657 | D:6      | Found a sacrificial altar of Ru.
  7136 | D:6      | Found a shadowy altar of Dithmenos.
  7141 | D:6      | Found an iron altar of Okawaru.
  7165 | D:6      | Learned a level 1 spell: Magic Dart
  7196 | D:7      | Reached skill level 1 in Fighting
  7196 | D:7      | Reached skill level 1 in Maces & Flails
  7310 | D:7      | Reached XP level 9. HP: 47/47 MP: 19/19
  7666 | D:7      | Found a radiant altar of Vehumet.
  7672 | D:7      | Became a worshipper of Vehumet
  8506 | D:8      | Noticed a deep elf pyromancer
  8512 | D:8      | Killed a deep elf pyromancer
  8513 | D:8      | Reached XP level 10. HP: 41/52 MP: 22/22
  8569 | D:8      | Reached skill level 5 in Conjurations
  8745 | D:8      | Noticed Psyche
  8753 | D:8      | Killed Psyche
  8755 | D:8      | Reached * piety under Vehumet
  8755 | D:8      | Offered knowledge of Sandblast by Vehumet.
  9336 | D:8      | Found a white marble altar of Elyvilon.
  9616 | D:8      | Learned a level 1 spell: Sandblast
  9784 | D:9      | Reached skill level 1 in Staves
 10169 | D:9      | Found a shimmering altar of Xom.
 10261 | D:9      | Reached ** piety under Vehumet
 10261 | D:9      | Offered knowledge of Poisonous Vapours by Vehumet.
 10383 | D:9      | Noticed a cyclops
 10446 | D:9      | Noticed a kobold demonologist
 10459 | D:9      | Noticed a rust devil
 10465 | D:9      | Killed a kobold demonologist
 10484 | D:9      | Noticed a two-headed ogre
 10490 | D:9      | Killed a two-headed ogre
 10491 | D:9      | Reached skill level 10 in Fire Magic
 10491 | D:9      | Reached XP level 11. HP: 35/57 MP: 15/24
 11307 | D:9      | Noticed a cyclops
 11511 | D:9      | Offered knowledge of Momentum Strike by Vehumet.
 11590 | D:9      | Reached skill level 1 in Evocations
 11650 | D:9      | Noticed a cyclops
 11655 | D:9      | Noticed a cyclops
 11656 | D:9      | Killed a cyclops
 11657 | D:9      | Reached skill level 10 in Spellcasting
 11661 | D:9      | Killed a cyclops
 11661 | D:9      | Killed a cyclops
 11941 | D:9      | Killed a cyclops
 12071 | D:9      | Noticed a cyclops
 12080 | D:9      | Killed a cyclops
 12080 | D:9      | Reached *** piety under Vehumet
 12141 | D:9      | Found a staircase to the Lair.
 12273 | D:9      | Learned a level 3 spell: Stone Arrow
 12312 | D:10     | Entered Level 10 of the Dungeon
 12375 | D:10     | Noticed a two-headed ogre
 12393 | D:10     | Killed a two-headed ogre
 12549 | D:10     | Offered knowledge of Airstrike by Vehumet.
 12572 | D:10     | Found a staircase to the Orcish Mines.
 12645 | D:10     | Found a basalt altar of Yredelemnul.
 12752 | D:10     | Reached XP level 12. HP: 47/63 MP: 26/26
 12880 | D:10     | Reached skill level 5 in Dodging
 12984 | D:10     | Reached **** piety under Vehumet
 13076 | D:10     | Found an ancient bone altar of Kikubaaqudgha.
 13244 | D:10     | Learned a level 4 spell: Airstrike
 13247 | D:10     | Learned a level 2 spell: Searing Ray
 13427 | D:3      | Bought the amulet "Ithu" {Regen+ Slay+2} for 499 gold
                  | pieces
 13667 | Lair:1   | Entered Level 1 of the Lair of Beasts
 13815 | Lair:1   | Offered knowledge of Frozen Ramparts by Vehumet.
 13816 | Lair:1   | Found a gate leading to a gauntlet.
 13826 | Gauntlet | Entered a Gauntlet
 13826 | Gauntlet | Found a transporter.
 13829 | Gauntlet | Noticed a balrug
 13861 | Gauntlet | Found a transporter.
 13862 | Gauntlet | Found a transporter.
 13863 | Gauntlet | Found a transporter.
 13866 | Gauntlet | Found a transporter.
 13867 | Gauntlet | Found a transporter.
 13875 | Gauntlet | Found a transporter.
 13885 | Gauntlet | Found a transporter.
 13886 | Gauntlet | Noticed a balrug
 13946 | Gauntlet | Found a transporter.
 13948 | Gauntlet | Found a transporter.
 13952 | Gauntlet | Found a transporter.
 13967 | Gauntlet | Found a transporter.
 14091 | Gauntlet | Identified the +0 pair of boots of the Unseen Realm
                  | {Rampage MP+9 Int+3 SInv}
 14145 | Gauntlet | Killed from afar by a balrug

Illustrated notes

Levels and vault maps discovered:
D:1:      sevenhm_arrival_forest_fort_small_3, layout_rooms,
          corexii_corridor_pit, minmay_misc_feat_tower
D:2:      layout_basic, serial_rivers, chequers_serial_rivers_small_3,
          chequers_serial_rivers_room_b, chequers_serial_rivers_micro_b,
          chequers_serial_rivers_room_b, chequers_serial_rivers_small_a,
          minmay_misc_feat_plants, kennysheep_generic_room_9
D:3:      kennysheep_the_goblin_king, layout_basic,
          mainiacjoe_overflow_small_starburst,
          hellmonk_ecumenical_altar_heavens_door, serial_shops,
          nicolae_shop_waterfront
D:4:      layout_basic, minmay_temple_entry_nine_rooms,
          kennysheep_generic_room_12, uniq_ijyb
D:5:      layout_basic, kennysheep_mini_moat, nrook_campfire
D:6:      layout_basic, jmf_multi_god_temple2, nicolae_overflow_hidden_temple,
          uniq_duvessa, uniq_prince_ribbit1
D:7:      layout_basic, nicolae_vehumet_altar_sigil
D:8:      layout_layer_cave, mainiacjoe_overflow_surrounded_room, uniq_psyche
D:9:      lemuel_castle_with_subvaults [lemuel_castle_interior_carwin_2],
          layout_irregular_city, lemuel_round_altar, lair_entry_dummy,
          kennysheep_path_1
D:10:     layout_big_octagon, kiku_gazebo_pond_becter,
          mainiacjoe_overflow_paths, hiddenorc2_lemuel, serial_park_tiny_pond,
          serial_bayou_pond_b
Temple:   hellmonk_temple_two_chambers
Lair:1:   layout_regular_city, gauntlet_entry_generic, lemuel_fruit_fields,
          lemuel_fruit_fields, grunt_megastairs_2
Gauntlet: minmay_gauntlet_mixed_oops_all_seconds
          [minmay_gauntlet_arena_77_terracotta_army,
          gammafunk_gauntlet_arena_split_diamond, minmay_gauntlet_arena_77_mess,
          nicolae_gauntlet_arena_blocks, minmay_gauntlet_arena_77_two_lines,
          gammafunk_gauntlet_arena_teeth, gauntlet_exit_green]

Skill      XL: |  1  2  3  4  5  6  7  8  9 10 11 12 |
---------------+-------------------------------------+-----
Spellcasting   | 3 4 5 6 8 9 10 11 | 11.3
Fire Magic     | 4 6 7 8 10 11 | 11.9
Conjurations   | 2 3 4 6 8 |  8.4
Dodging        | 2 3 4 5 |  5.2
Fighting       | 1 2 |  2.5
Maces & Flails | 1 2 3 |  3.5
Staves         | 1 |  1.0
Evocations     | 1 |  1.3
Stealth        | |  2.1
Translocations | |  0.5
Air Magic      | |  0.5

Action                   |  1- 3 |  4- 6 |  7- 9 | 10-12 || total
-------------------------+-------+-------+-------+-------++-------
Melee: Unarmed           |     8 |       |       |       ||     8
       Whip              |     9 |    36 |    39 |       ||    84
       Flail             |       |       |     9 |    50 ||    59
       Staff             |       |       |     5 |    36 ||    41
       Punch             |       |       |       |     2 ||     2
       Mace              |       |       |       |     6 ||     6
 Cast: Foxfire           |    42 |   109 |    79 |   291 ||   521
       Scorch            |     3 |    21 |    43 |    71 ||   138
       Flame Wave        |       |       |     5 |    23 ||    28
       Kindle Blastspark |       |       |     4 |       ||     4
       Stone Arrow       |       |       |       |     7 ||     7
Evoke: Wand              |       |       |       |     6 ||     6
  Use: Scroll            |       |    14 |     6 |     6 ||    26
       Potion            |       |       |     1 |     5 ||     6
Armor: Robe              |     5 |    38 |    60 |   134 ||   237
       Steam dragon scal |       |       |       |    14 ||    14
Dodge: Dodged            |    24 |    64 |    78 |   170 ||   336

Table legend: (Time is in decaauts)
 A = Elapsed time spent in this place.
 B = Non-inter-level travel time spent in this place.
 C = Inter-level travel time spent in this place.
 D = Time resting spent in this place.
 E = Time spent auto-exploring this place.
 F = Levels seen in this place.
 G = Mean time per level.
                   A        B        C        D        E       F      G
               +--------+--------+--------+--------+--------+-----+--------+
         Total |  14189 |  13502 |    687 |   1462 |   8945 |  13 | 1091.5 |
       Dungeon |  13690 |  13003 |    687 |   1388 |   8871 |  10 | 1369.0 |
        Temple |     21 |     21 |      0 |      0 |     10 |   1 |   21.0 |
          Lair |    158 |    158 |      0 |     35 |      0 |   1 |  158.0 |
      Gauntlet |    318 |    318 |      0 |     39 |     64 |   1 |  318.0 |
               +--------+--------+--------+--------+--------+-----+--------+

Top non-repeatable levels by time:
     D:9: 2772 daAuts
     D:3: 1746 daAuts
     D:5: 1515 daAuts
     D:8: 1512 daAuts
     D:6: 1303 daAuts
     D:4: 1301 daAuts
     D:7: 1053 daAuts
    D:10: 949 daAuts
     D:2: 775 daAuts
     D:1: 759 daAuts
Gauntlet: 318 daAuts
  Lair:1: 158 daAuts
  Temple: 21 daAuts
